 Dungeon Sprint DCSS version 0.26-a0-737-g4e9f4955e2 (webtiles) character file.

Game seed: 3169120149052786288

1915 sahdkjhfkaj the Brawler (level 8, -3/88 HPs)
             Began as a Troll Monk on Nov 4, 2020.
             Was a High Priest of Cheibriados.
             Slain by a six-headed hydra (8 damage)
             ... in the Dungeon (Sprint IX: "|||||||||||||||||||||||||||||").
             The game lasted 00:01:01 (417 turns).

sahdkjhfkaj the Brawler (Troll Monk)                 Turns: 417, Time: 00:01:02

Health: -3/88      AC:  9    Str: 36    XL:     8   Next: 95%
Magic:  6/13       EV: 13    Int: 20    God:    Cheibriados [*****.]
Gold:   16         SH:  0    Dex: 26    Spells: 7/7 levels left

rFire    . . .     SeeInvis .     - Unarmed
rCold    . . .     Faith    .   (no shield)
rNeg     . . .     Spirit   .   a - +0 robe
rPois    .         Reflect  .   (helmet restricted)
rElec    .         Harm     .   n - +0 cloak
rCorr    .         Rampage  .   (gloves unavailable)
MR       .....     NoTele   +   (boots unavailable)
Stlth    ++........             (no amulet)
HPRegen  0.64/turn              l - +2 ring of protection
MPRegen  0.13/turn              m - +2 ring of evasion

@: very slow
A: large, unfitting armour, claws 3, regeneration 1, shaggy fur 1, tough skin 3
a: Bend Time, Temporal Distortion, Slouch, Step From Time, Renounce Religion


You were in the Dungeon.
You worshipped Cheibriados.
Cheibriados was extremely pleased with you.
You visited 1 branch You collected 16 gold pieces.

Inventory:

Armour
 a - a +0 robe (worn)
 n - a +0 cloak (worn)
Jewellery
 l - a +2 ring of protection (left claw)
 m - a +2 ring of evasion (right claw)
Wands
 k - a wand of iceblast (9)
Scrolls
 g - 2 scrolls of blinking {!r}
 i - 3 scrolls of remove curse {!r}
 j - 2 scrolls of amnesia {!r}
 p - 2 scrolls of fear {!r}
 q - 2 scrolls of fog {!r}
 s - 2 scrolls of enchant armour {!r}
Potions
 b - 6 potions of curing {!q}
 c - 5 potions of heal wounds {!q}
 d - 2 potions of haste {!q}
 e - 4 potions of magic {!q}
 f - 2 potions of berserk rage {!q}
 h - a potion of invisibility {!q}
 o - a potion of might {!q}
Miscellaneous
 r - a box of beasts (3/3)


   Skills:
 + Level 8.0 Fighting
 - Level 2.4 Dodging
 - Level 1.0 Stealth
 + Level 15.1 Unarmed Combat
 + Level 8.2 Invocations


You had 7 spell levels left.
You didn't know any spells.
Your spell library was empty.

Dungeon Overview and Level Annotations

Branches:
Dungeon (1/1)

Altars:
Cheibriados
Dithmenos
Elyvilon
Fedhas
Gozag
Hepliaklqana
Kikubaaqudgha
Makhleb
Nemelex Xobeh
Okawaru
Qazlal
Ru
Sif Muna
Trog
Uskayaw
Vehumet
Wu Jian
Xom
Yredelemnul
Zin
The Shining One
Beogh
Jiyva
Lugonu


Innate Abilities, Weirdness & Mutations

You are too large for most types of armour.
You have claws for hands.
Your natural rate of healing is unusually fast.
You are covered in fur. (AC +1)
You have extremely tough skin. (AC +3)


Message History

Your Fighting skill increases to level 8!
Your Invocations skill increases to level 8!
A water moccasin comes into view.
The six-headed hydra bites you.
* * * LOW HITPOINT WARNING * * *
The six-headed hydra bites you but does no damage.
The six-headed hydra bites you!
* * * LOW HITPOINT WARNING * * *
The six-headed hydra bites you!
* * * LOW HITPOINT WARNING * * *
The six-headed hydra bites you!
* * * LOW HITPOINT WARNING * * *
The six-headed hydra bites you.
* * * LOW HITPOINT WARNING * * *
The six-headed hydra completely misses you.
The six-headed hydra bites you.
* * * LOW HITPOINT WARNING * * *
The six-headed hydra bites you but does no damage.
The six-headed hydra barely misses you. The six-headed hydra bites you!
You die...

▓.▓.▓.▓
▓.▓.▓.▓
▓.▓.▓)▓
▓'▓.▓.▓
▓_▓.▓.▓
▓_▓.▓.▓
▓_▓.▓.▓
▓_▓.▓.▓
▓_▓.▓@▓
▓_▓.▓D▓
▓_▓.▓.▓
▓_▓.▓Y▓
▓_▓.▓r▓
▓_▓.▓.▓
▓_▓.▓.▓
▓_▓.▓S▓
▓_▓.▓


You could see a six-headed hydra, a yak, a water moccasin (wandering) and a hell
rat.

Vanquished Creatures
  A black mamba (D)
  An efreet (D)
  A komodo dragon (D)
  A troll (D)
  A tengu conjurer (D)
  2 water moccasins (D)
  A soldier ant (D)
  An orc warrior (D)
  An ogre (D)
  A sky beast (D)
  A centaur (D)
  A worker ant (D)
  An adder (D)
  2 white imps (D)
  An adder zombie (D)
  An orc (D)
  A bat (D)
  A bat zombie (D)
  2 hobgoblins (D)
  A kobold (D)
  A frilled lizard (D)
  A giant cockroach zombie (D)
  A quokka skeleton (D)
26 creatures vanquished.

Notes
Turn   | Place    | Note
-------+----------+-------------------------------------------
     0 | D        | sahdkjhfkaj the Troll Monk began the quest for the Orb.
     0 | D        | Reached XP level 1. HP: 22/22 MP: 0/0
    11 | D        | Reached skill level 4 in Unarmed Combat
    22 | D        | Reached skill level 5 in Unarmed Combat
    22 | D        | Reached XP level 2. HP: 29/29 MP: 1/1
    29 | D        | Reached skill level 6 in Unarmed Combat
    41 | D        | Found a roughly hewn altar of Beogh.
    41 | D        | Found a snail-covered altar of Cheibriados.
    41 | D        | Found a shadowy altar of Dithmenos.
    41 | D        | Found a white marble altar of Elyvilon.
    41 | D        | Found a blossoming altar of Fedhas.
    41 | D        | Found an opulent altar of Gozag.
    42 | D        | Found a hazy altar of Hepliaklqana.
    43 | D        | Found a viscous altar of Jiyva.
    44 | D        | Found an ancient bone altar of Kikubaaqudgha.
    45 | D        | Found a corrupted altar of Lugonu.
    46 | D        | Found a burning altar of Makhleb.
    47 | D        | Found a sparkling altar of Nemelex Xobeh.
    48 | D        | Found an iron altar of Okawaru.
    49 | D        | Found a stormy altar of Qazlal.
    50 | D        | Found a sacrificial altar of Ru.
    51 | D        | Found a shimmering blue altar of Sif Muna.
    52 | D        | Found a bloodstained altar of Trog.
    53 | D        | Found a hide-covered altar of Uskayaw.
    54 | D        | Found a radiant altar of Vehumet.
    55 | D        | Found an ornate altar of the Wu Jian Council.
    56 | D        | Found a shimmering altar of Xom.
    57 | D        | Found a basalt altar of Yredelemnul.
    58 | D        | Found a glowing silver altar of Zin.
    59 | D        | Found a glowing golden altar of the Shining One.
   101 | D        | Became a worshipper of Cheibriados the Contemplative
   101 | D        | Reached * piety under Cheibriados
   101 | D        | Reached ** piety under Cheibriados
   136 | D        | Noticed a soldier ant
   136 | D        | Noticed a centaur
   136 | D        | Noticed a sky beast
   165 | D        | Killed a soldier ant
   165 | D        | Reached skill level 10 in Unarmed Combat
   165 | D        | Reached XP level 3. HP: 23/36 MP: 2/2
   165 | D        | Reached XP level 4. HP: 29/44 MP: 3/3
   166 | D        | Reached XP level 5. HP: 25/50 MP: 4/4
   169 | D        | Killed a centaur
   169 | D        | Reached *** piety under Cheibriados
   169 | D        | Reached skill level 12 in Unarmed Combat
   173 | D        | Killed a sky beast
   173 | D        | Reached XP level 6. HP: 21/59 MP: 5/5
   176 | D        | Reached **** piety under Cheibriados
   239 | D        | Noticed a troll
   239 | D        | Noticed a tengu conjurer
   239 | D        | Noticed an orc warrior
   239 | D        | Noticed an efreet
   243 | D        | Killed a troll
   243 | D        | Reached skill level 13 in Unarmed Combat
   243 | D        | Reached XP level 7. HP: 71/71 MP: 5/8
   246 | D        | Killed a tengu conjurer
   246 | D        | Reached ***** piety under Cheibriados
   246 | D        | Reached skill level 5 in Fighting
   246 | D        | Reached skill level 5 in Invocations
   254 | D        | Reached skill level 14 in Unarmed Combat
   257 | D        | Killed an efreet
   257 | D        | Reached XP level 8. HP: 65/84 MP: 6/11
   413 | D        | Noticed a komodo dragon
   413 | D        | Noticed a six-headed hydra
   413 | D        | Noticed a black mamba
   414 | D        | Killed a black mamba
   414 | D        | Reached skill level 15 in Unarmed Combat
   416 | D        | Killed a komodo dragon
   417 | D        | Slain by a six-headed hydra

Illustrated notes

Levels and vault maps discovered:
D:        linesprint [early_d, line_temple, items_1, d_10, items_2, lair_1,
          lair_end, items_3, orc_1, orc_end, items_4, d_15, swamp_1, shoals_1,
          snake_1, spider_1, d_20, vaults_1, items_5, swamp_end, shoals_end,
          snake_end, spider_end, vaults_end, d_27, items_6, zot_1, zot_end,
          crypt_end, forest_end, elf_end, slime_end, tomb_end, abyss_end,
          pan_hell_end]

Skill      XL: |  1  2  3  4  5  6  7  8 |
---------------+-------------------------+-----
Unarmed Combat | 5 10 12 13 14 15 | 15.1
Fighting       | 4 6 8 |  8.0
Invocations    | 3 6 8 |  8.2
Dodging        | |  2.4
Stealth        | |  1.0

Action                   |  1- 3 |  4- 6 |  7- 9 || total
-------------------------+-------+-------+-------++-------
Melee: Unarmed           |    36 |    13 |    16 ||    65
       Punch             |       |       |     2 ||     2
Invok: Slouch            |       |       |     1 ||     1
Evoke: Wand              |       |     1 |       ||     1
Armor: Robe              |    11 |     3 |     6 ||    20
Dodge: Dodged            |     9 |     9 |     4 ||    22

Table legend: (Time is in decaauts)
 A = Elapsed time spent in this place.
 B = Non-inter-level travel time spent in this place.
 C = Inter-level travel time spent in this place.
 D = Time resting spent in this place.
 E = Time spent auto-exploring this place.
 F = Levels seen in this place.
 G = Mean time per level.
                   A        B        C        D        E       F      G
               +--------+--------+--------+--------+--------+-----+--------+
         Total |    518 |    518 |      0 |     94 |    217 |   1 |  518.0 |
       Dungeon |    518 |    518 |      0 |     94 |    217 |   1 |  518.0 |
               +--------+--------+--------+--------+--------+-----+--------+

Top non-repeatable levels by time:
       D: 518 daAuts
